 Dungeon Crawl Stone Soup version 0.27.1-34-g3ba077fa99 (console) character file.

Game seed: 13432127123393643954

1753 Banquo the Cleaver (level 9, -6/55 HPs)
             Began as a Djinni Chaos Knight on Jan 6, 2022.
             Was a Plaything of Xom.
             Mangled by Maggie (19 damage)
             ... on level 6 of the Dungeon.
             The game lasted 00:22:27 (7137 turns).

Banquo the Cleaver (Djinni Chaos Knight)            Turns: 7137, Time: 00:22:29

Health: -6/55      AC:  8    Str: 11    XL:     9   Next: 27%
Gold:   162        EV: 16    Int: 16    God:    Xom [......] SH:  4 Dex: 12

rFire    + . .     SeeInvis .   a - +0 war axe
rCold    . . .     Faith    .   (no shield)
rNeg     . . .     Spirit   .   d - +3 leather armour
rPois    ∞         Reflect  .   h - +0 helmet
rElec    .         Harm     .   e - scarf {+Inv}
rCorr    +         Rampage  .   (no gloves)
Will     .....                  (boots unavailable)
Stlth    +.........             (no amulet)
HPRegen  0.18/turn              c - ring of ice
MPRegen  0.00/turn              u - ring of Doubts {rPois rCorr EV+4 Int-2}

@: unable to read, flying, mesmerised, hasted, studying Slings, very quick
A: sickness immunity, fire resistance 2, cold vulnerability 1, float, innate
caster, hp casting, extra vitality 1, large bone plates 1, deterioration 1,
frail 1, passive freeze, shaggy fur 1, wild magic 1, inability to read while
threatened
a: Renounce Religion, Evoke Invisibility


You were on level 6 of the Dungeon.
You worshipped Xom.
You were a very special plaything of Xom.
You visited 2 branches of the dungeon, and saw 7 of its levels.

You collected 314 gold pieces.
You spent 152 gold pieces at shops.

Inventory:

Hand Weapons
 a - a +0 war axe (weapon)
 b - a +1 hand axe of flaming
 v - a +0 hand axe of chaos
 z - a +1 short sword of protection
 C - a +0 scythe
 F - a +2 dagger of speed
 G - a +1 short sword of venom
 H - a +3 short sword
Missiles
 g - 130 stones
 p - 33 poisoned darts
 r - 3 boomerangs
 x - 76 sling bullets
 B - 4 datura-tipped darts (quivered)
Armour
 d - a +3 leather armour (worn)
 e - a scarf of invisibility (worn)
 h - a +0 helmet (worn)
Magical Staves
 w - a staff of air
Jewellery
 c - a ring of ice (left hand)
 u - the ring of Doubts (right hand) {rPois rCorr EV+4 Int-2}
   (Xom gifted it to you on level 4 of the Dungeon)

   [ring of evasion]

   EV:        It affects your evasion (+4).
   Int:       It affects your intelligence (-2).
   rPois:     It protects you from poison.
   rCorr:     It protects you from acid and corrosion.
 A - a ring of willpower
 I - a ring of fire
Wands
 j - a wand of flame (19)
 y - a wand of paralysis (6)
 D - a wand of charming (9)
Scrolls
 q - 3 scrolls of teleportation
 E - 2 scrolls of magic mapping
Potions
 f - 3 potions of haste
 i - a potion of brilliance
 k - a potion of ambrosia {unknown}
 l - 3 potions of resistance
 m - 2 potions of might
 n - a potion of attraction {unknown}
 o - 2 potions of degeneration {unknown}
 s - a potion of flight {unknown}
 t - 2 potions of heal wounds


   Skills:
 * Level 4.2 Fighting
 * Level 8.4 Axes
 - Level 4.0 Armour
 * Level 3.4 Dodging
 * Level 1.4 Spellcasting


You couldn't memorise any spells.
You knew the following spells:

 Your Spells              Type           Power      Damage    Failure   Level
a - Summon Small Mammal   Summ           28%        N/A       22%         1
b - Corpse Rot            Necr/Air       N/A        N/A       30%         2
c - Ignite Poison         Fire/Tmut/Pois 7%         N/A       50%         3
d - Leda's Liquefaction   Hex/Erth       3%         N/A       88%         4
Your spell library was empty.

Dungeon Overview and Level Annotations

Branches:
Dungeon (6/15)             Temple (1/1) D:5

Altars:
Cheibriados
Elyvilon
Fedhas
Gozag
Kikubaaqudgha
Nemelex Xobeh
Okawaru
Qazlal
Sif Muna
Trog
Uskayaw
Vehumet
Wu Jian
Xom
Yredelemnul
The Shining One

Shops:
D:2 *

Annotations:
D:5 2 transporters, MisterT's ghost, novice HOMo
D:6 Dowan; Maggie


Innate Abilities, Weirdness & Mutations

You are immune to sickness and miasma.
You are immune to poison.
Your flesh is very heat resistant. (rF++)
You are vulnerable to cold. (rC-)
You float through the air rather than walking.
You learn spells naturally, not from books.
Your magical power is your life essence.
You have superior vitality. (+4 HP)
You are partially covered in large bone plates. (SH +4)
Your body sometimes deteriorates upon taking damage.
You are frail. (-10% HP)
A frigid envelope surrounds you and freezes all who hurt you.
You are covered in fur. (AC +1)
Your spells are a little harder to cast, but a little more powerful.
You sometimes lose the ability to read scrolls when taking damage.


Message History

You hit Maggie.
Maggie is heavily wounded.
Maggie closely misses you.
You slash Maggie!
Maggie is severely wounded.
Maggie closely misses you.
You closely miss Maggie.
Maggie is severely wounded.
You hit Maggie but do no damage.
Maggie is severely wounded.
You can read scrolls again.
Maggie hits you with a +3 scimitar of chaos!
You feel threatened and lose the ability to read scrolls!
Maggie is very cold.
Maggie is severely wounded.
You hit Maggie but do no damage.
Maggie is severely wounded.
Maggie closely misses you.
You hit Maggie.
Maggie is severely wounded.
Maggie closely misses you.
You barely miss Maggie.
Maggie is severely wounded.
Maggie completely misses you.
You closely miss Maggie.
Maggie is severely wounded.
You can read scrolls again.
You barely miss Maggie.
Maggie is severely wounded.
You block Maggie's attack.
You slash Maggie!
Maggie is almost dead.
Maggie barely misses you.
You hit Maggie but do no damage.
Maggie is almost dead.
Maggie hits you with a +3 scimitar of chaos!
You feel threatened and lose the ability to read scrolls!
* * * LOW HITPOINT WARNING * * *
You are electrocuted!!
You die...

# #....###.#.#.[...#
#....# ##...#.#.## #....#
###.#.#.# ##...# #.#.#.#
....# #.#.#.# #..##
#.#.#.# #..# #.#.#.# #..#
#.#.#.######. #..#
##.#.@@.......
####..######.#.##.#######
............###.#.#
......####.## #..#
####..# ##.# ###
#..######.# #..........#
####.########## .....#


You could see Maggie (mesmerising).

Vanquished Creatures
  Prince Ribbit (D:5)
  Sigmund (D:3)
  A water moccasin (D:6)
  Purgy (D:3)
  Duvessa (D:6)
  An ice beast (D:6)
  2 ogres (D:6)
  A centaur (D:5)
  Blork the orc (D:5)
  2 kobold brigands (D:6)
  A water moccasin skeleton (D:4)
  A killer bee (D:4)
  2 hounds
  A jelly (D:6)
  A centaur skeleton (D:6)
  5 iguanas
  A killer bee zombie (D:3)
  A gnoll (D:5)
  10 adders
  A howler monkey skeleton (D:4)
  2 ufetubi
  2 worms
  5 dart slugs
  8 orcs
  5 ball pythons
  3 bats
  4 endoplasms
  5 giant cockroaches
  7 hobgoblins
  5 jackals
  2 quokkas
  7 frilled lizards
  5 goblins
  13 kobolds
  11 rats
120 creatures vanquished.

Vanquished Creatures (others)
  A fungus (D:1)
  16 plants
17 creatures vanquished.

Grand Total: 137 creatures vanquished

Notes
Turn   | Place    | Note
-------+----------+-------------------------------------------
     0 | D:1      | Banquo the Djinni Chaos Knight began the quest for the Orb.
     0 | D:1      | Reached XP level 1. HP: 20/20 MP: 0/0
   198 | D:1      | Found a faded altar of an unknown god.
   204 | D:1      | Reached XP level 2. HP: 25/25 MP: 0/0
   318 | D:1      | XOM: divination: magic mapping
   385 | D:1      | Reached skill level 3 in Axes
   487 | D:1      | Reached XP level 3. HP: 30/30 MP: 0/0
   487 | D:1      | Learned a level 1 spell: Summon Small Mammal
  1111 | D:2      | XOM: 1-stop teleportation journey
  1127 | D:2      | Reached XP level 4. HP: 33/35 MP: 0/0
  1377 | D:2      | Found Moimp's Assorted Antiques.
  1387 | D:2      | Bought a sapphire potion for 20 gold pieces
  1387 | D:2      | Bought a lumpy purple potion for 20 gold pieces
  1623 | D:2      | XOM: draining
  1837 | D:2      | Reached skill level 4 in Axes
  1848 | D:2      | XOM: divination: detect items
  1865 | D:2      | XOM: scenery: create altars
  1925 | D:3      | Noticed Purgy
  1966 | D:2      | XOM: god gift: 35 gold pieces
  2077 | D:3      | Reached XP level 5. HP: 8/36 MP: 0/0
  2077 | D:3      | Learned a level 2 spell: Corpse Rot
  2215 | D:3      | XOM: 2-stop teleportation journey
  2364 | D:3      | XOM: give mutation
  2364 | D:3      | Gained mutation: A frigid envelope surrounds you and
                  | freezes all who hurt you. [Xom's mischief]
  2383 | D:3      | Noticed Sigmund
  2462 | D:3      | Killed Sigmund
  2463 | D:3      | Reached skill level 5 in Axes
  2463 | D:3      | Reached XP level 6. HP: 36/46 MP: 0/0
  2474 | D:3      | XOM: scenery: summon butterflies
  2482 | D:3      | XOM: silly message
  2513 | D:3      | Killed Purgy
  2514 | D:3      | Reached XP level 7. HP: 37/50 MP: 0/0
  2514 | D:3      | Learned a level 3 spell: Ignite Poison
  2544 | D:3      | XOM: noise
  2706 | D:2      | Bought a scroll labelled WIGUQA OMMOILA for 23 gold pieces
  2706 | D:2      | Bought a yellow potion for 20 gold pieces
  2706 | D:2      | Bought a scroll labelled FUESSY BYEN for 23 gold pieces
  2706 | D:2      | Bought a scroll labelled OJUERU BIFEOGG for 23 gold pieces
  2706 | D:2      | Bought a scroll labelled DOATAM JOXO for 23 gold pieces
  3032 | D:3      | XOM: god gift: scroll labelled RUYSECVOCW {god gift}
  3367 | D:4      | Noticed a steam dragon
  3367 | D:4      | a ball python changed into a steam dragon
  3367 | D:4      | XOM: polymorph ball python -> steam dragon
  3374 | D:4      | XOM: confuse monster(s)
  3380 | D:4      | XOM: torment (22/50 hp)
  3382 | D:4      | XOM: silly message
  3384 | D:4      | XOM: 3-stop teleportation journey
  3421 | D:4      | Reached skill level 6 in Axes
  3504 | D:4      | XOM: 4-stop teleportation journey
  3731 | D:4      | a steam dragon changed into a killer bee
  3731 | D:4      | XOM: polymorph steam dragon -> killer bee
  3824 | D:4      | XOM is BORED!
  3824 | D:4      | XOM: stat loss: -3 Dex (9/12)
  3912 | D:4      | Identified the ring of Doubts {rPois rCorr EV+4 Int-2} (Xom
                  | gifted it to you on level 4 of the Dungeon)
  3912 | D:4      | XOM: god gift: ring of Doubts {rPois rCorr EV+4 Int-2}
  4383 | D:4      | XOM: give mutations
  4383 | D:4      | Gained mutation: You are somewhat resistant to further
                  | mutation. [Xom's mischief]
  4383 | D:4      | Gained mutation: Your spells are a little harder to cast,
                  | but a little more powerful. [Xom's mischief]
  4383 | D:4      | Gained mutation: You sometimes lose the ability to read
                  | scrolls when taking damage. [Xom's mischief]
  4383 | D:4      | Gained mutation: You are partially covered in large bone
                  | plates. (SH +4) [Xom's mischief]
  4452 | D:5      | Entered Level 5 of the Dungeon
  4559 | D:5      | XOM: polymorph jelly -> frilled lizard
  4578 | D:5      | Noticed Blork the orc
  4598 | D:5      | Killed Blork the orc
  4647 | D:5      | XOM: 2-stop teleportation journey
  4856 | D:5      | Found a staircase to the Ecumenical Temple.
  4864 | Temple   | Entered the Ecumenical Temple
  4887 | Temple   | XOM: divination: detect items
  4999 | Temple   | XOM: give mutations
  4999 | Temple   | Gained mutation: You have a somewhat thin skeletal
                  | structure. (Dex +2, Stealth+) [Xom's grace]
  4999 | Temple   | Gained mutation: You have a pair of small antennae on your
                  | head. [Xom's grace]
  4999 | Temple   | Gained mutation: You are covered in fur. (AC +1) [Xom's
                  | grace]
  5120 | D:5      | Reached XP level 8. HP: 52/56 MP: 0/0
  5142 | D:5      | Found a transporter.
  5142 | D:5      | Noticed MisterT's ghost (novice HOMo)
  5177 | D:5      | Found a transporter.
  5221 | D:5      | Noticed Prince Ribbit
  5241 | D:5      | Killed Prince Ribbit
  5242 | D:5      | Reached skill level 7 in Axes
  5405 | D:5      | XOM: noise
  5819 | D:6      | XOM: noise
  5942 | D:6      | XOM: torment (29/56 hp)
  5979 | D:6      | XOM: summons friendly shadow imp
  6022 | D:6      | Reached skill level 1 in Spellcasting
  6170 | D:6      | XOM: 2-stop teleportation journey
  6248 | D:6      | Noticed Dowan
  6278 | D:6      | XOM: potion effect (brilliance)
  6285 | D:6      | Reached XP level 9. HP: 55/62 MP: 0/0
  6285 | D:6      | Learned a level 4 spell: Leda's Liquefaction
  6348 | D:6      | XOM: potion effect (haste)
  6355 | D:6      | Reached skill level 8 in Axes
  6390 | D:6      | Noticed Maggie
  6390 | D:6      | XOM: 8-stop teleportation journey
  6393 | D:6      | XOM: draining
  6398 | D:6      | XOM: chaos upgrade
  6421 | D:5      | XOM: give mutations
  6421 | D:5      | Gained mutation: You are frail. (-10% HP) [Xom's mischief]
  6421 | D:5      | Gained mutation: You are agile. (Dex +2) [Xom's mischief]
  6453 | D:5      | XOM: give mutations
  6453 | D:5      | Lost mutation: You have a pair of small antennae on your
                  | head. [Xom's mischief]
  6453 | D:5      | Gained mutation: Your body sometimes deteriorates upon
                  | taking damage. [Xom's mischief]
  6453 | D:5      | Lost mutation: You are agile. (Dex +2) [Xom's mischief]
  6540 | D:6      | Noticed Duvessa
  6575 | D:6      | Killed Duvessa
  6580 | D:5      | XOM is BORED!
  6580 | D:5      | XOM: give mutations
  6580 | D:5      | Lost mutation: You have a somewhat thin skeletal structure.
                  | (Dex +2, Stealth+) [Xom's mischief]
  6580 | D:5      | Lost mutation: Your body sometimes deteriorates upon taking
                  | damage. [Xom's mischief]
  6580 | D:5      | Lost mutation: You are somewhat resistant to further
                  | mutation. [Xom's mischief]
  6580 | D:5      | Gained mutation: Your body sometimes deteriorates upon
                  | taking damage. [Xom's mischief]
  6867 | D:6      | XOM is BORED!
  6867 | D:6      | XOM: blink monster(s)
  7120 | D:6      | XOM: noise
  7137 | D:6      | Mangled by Maggie

Illustrated notes

Levels and vault maps discovered:
D:1:      psy_arrival_conway, layout_loops_ring,
          shapermc_ecumenical_altar_mp_ritualfount, grunt_decor_resistance
D:2:      layout_basic, serial_shops, shop
D:3:      layout_rooms, serial_bayou, serial_bayou_crossing,
          serial_bayou_shore_b, serial_bayou_pond_a, serial_bayou_lake_a,
          minmay_distorted, uniq_sigmund, uniq_purgy
D:4:      layout_basic, minmay_hedge_maze
D:5:      layout_basic, mainiacjoe_overflow_paths, minmay_temple_entry_waves,
          gammafunk_ghost_stat_death, sigmund_army, uniq_blork_the_orc,
          uniq_prince_ribbit1
D:6:      layout_loops_ring, minmay_misc_feat_pillars, uniq_duvessa, uniq_maggie
Temple:   regret_index_temple_waves

Skill      XL: |  1  2  3  4  5  6  7  8  9 |
---------------+----------------------------+-----
Axes           | 3 4 5 6 7 8 |  8.4
Armour         | 2 3 4 |  4.0
Spellcasting   | 1 |  1.4
Dodging        | 3 |  3.4
Fighting       | 4 |  4.2

Action                   |  1- 3 |  4- 6 |  7- 9 || total
-------------------------+-------+-------+-------++-------
Melee: Hand axe          |    65 |    53 |       ||   118
       War axe           |       |    20 |   227 ||   247
Evoke: Wand              |       |     6 |     8 ||    14
  Use: Scroll            |       |       |    10 ||    10
 Stab: Sleeping          |       |       |     2 ||     2
       Confused          |       |       |     1 ||     1
       Paralysed         |       |       |     4 ||     4
       Distracted        |       |       |     2 ||     2
Armor: Leather armour    |    27 |    28 |    39 ||    94
Dodge: Dodged            |    36 |    52 |   164 ||   252
Block: Other             |       |       |    28 ||    28
